| TOP OF THE 1ST |
|
San Juan Pitorros batting - Pitching for Santa Ana Cafes : RHP Kenneth Shea
|
|
Pitching: RHP Kenneth Shea
|
|
|
Batting: LHB Jeffrey Szczecinski
|
0-0: Called Strike 0-1: Called Strike 0-2: Ball 1-2: Fly out, F5 (Flyball, 56D, EV 92.5 MPH)
|
|
Batting: RHB Rafael Ramirez
|
0-0: Ball 1-0: Ball 2-0: SINGLE (Line Drive, 8LS, EV 111.3 MPH)
|
|
Batting: RHB Tim Teufel
|
0-0: Ball 1-0: Called Strike Rafael Ramirez steals 2nd base 1-1: Ground out U3 (Groundball, 3, EV 97.5 MPH) Rafael Ramirez to third
|
|
Batting: LHB Franklin Stubbs
|
0-0: Foul Ball, location: 2F 0-1: Swinging Strike 0-2: Foul Ball, location: 2F 0-2: Ball 1-2: 2-RUN HOME RUN (Flyball, 78XD, EV 89.4 MPH), Distance : 450 ft
|
|
Batting: SHB Dave Cochrane
|
0-0: Called Strike 0-1: Ball 1-1: Called Strike 1-2: Strikes out looking
|
| Top of the 1st over - 2 runs, 2 hits, 0 errors, 0 left on base; San Juan 2 - Santa Ana 0 |
| BOTTOM OF THE 1ST |
|
Santa Ana Cafes batting - Pitching for San Juan Pitorros : RHP Randy Ramirez
|
|
Pitching: RHP Randy Ramirez
|
|
|
Batting: SHB Steve Scafa
|
0-0: Ball 1-0: Ball 2-0: Ball 3-0: Called Strike 3-1: Swinging Strike 3-2: Base on Balls
|
|
Batting: RHB Mark Wasinger
|
0-0: Called Strike 0-1: Swinging Strike 0-2: Strikes out looking
|
|
Batting: RHB Glenn Davis
|
0-0: Ball 1-0: Swinging Strike 1-1: Ball 2-1: Foul Ball, location: 2F 2-2: Foul Ball, location: 2F 2-2: Foul Ball, location: 2F 2-2: SINGLE (Groundball, 56D, EV 99.4 MPH) Steve Scafa to second
|
|
Batting: RHB Barry Siebert
|
0-0: Ball Steve Scafa steals 3rd base 1-0: Called Strike 1-1: Foul Ball, location: 2F 1-2: SINGLE (Line Drive, 7S, EV 103.1 MPH) Steve Scafa scores Glenn Davis to second
|
|
Batting: LHB Andre David
|
0-0: Called Strike 0-1: Called Strike 0-2: Ball 1-2: Ball 2-2: Foul Ball, location: 2F 2-2: Ball 3-2: Foul Ball, location: 2F 3-2: Fly out, F8 (Line Drive, 8LM, EV 100.0 MPH)
|
|
Batting: RHB Fred Manrique
|
0-0: Ball 1-0: Ball 2-0: Hit by Pitch Glenn Davis to third Barry Siebert to second
|
|
Batting: RHB Kevin Buckley
|
0-0: Called Strike 0-1: Ball 1-1: Fly out, F9 (Flyball, 9S, EV 83.8 MPH)
|
| Bottom of the 1st over - 1 run, 2 hits, 0 errors, 3 left on base; San Juan 2 - Santa Ana 1 |
| TOP OF THE 2ND |
|
San Juan Pitorros batting - Pitching for Santa Ana Cafes : RHP Kenneth Shea
|
|
Batting: SHB Ozzie Smith
|
0-0: Called Strike 0-1: Ball 1-1: Ball 2-1: Ball 3-1: Base on Balls
|
|
Batting: RHB Mike A Marshall
|
0-0: Called Strike 0-1: Ball 1-1: Ball 2-1: Fielders Choice at 2nd, 6-4 (Groundball, 6, EV 93.1 MPH)
|
|
Batting: SHB Kevin King
|
0-0: Ball 1-0: Fly out, F8 (Flyball, 8RM, EV 76.9 MPH)
|
|
Batting: RHB Chris Brown
|
0-0: Ball 1-0: Called Strike 1-1: Fly out, F6 (Popup, 6MS, EV 60.6 MPH)
|
| Top of the 2nd over - 0 runs, 0 hits, 0 errors, 1 left on base; San Juan 2 - Santa Ana 1 |
| BOTTOM OF THE 2ND |
|
Santa Ana Cafes batting - Pitching for San Juan Pitorros : RHP Randy Ramirez
|
|
Batting: RHB Edwin Rodriguez
|
0-0: Foul Ball, location: 2F 0-1: Swinging Strike 0-2: Ball 1-2: Ball 2-2: Foul Ball, location: 2F 2-2: Ball 3-2: Base on Balls
|
|
Batting: SHB Esteban Mendez
|
0-0: Called Strike Edwin Rodriguez steals 2nd base 0-1: Foul Ball, location: 2F 0-2: Ground out 3-1 (Groundball, 34S, EV 85.6 MPH) Edwin Rodriguez to third
|
|
Batting: SHB Steve Scafa
|
0-0: Ball 1-0: Ball 2-0: Called Strike 2-1: Foul Ball, location: 2LF, Error on foul ball, E2 2-2: Strikes out swinging
|
|
Batting: RHB Mark Wasinger
|
0-0: Foul Ball, location: 2F 0-1: Called Strike 0-2: Ball 1-2: Strikes out swinging
|
| Bottom of the 2nd over - 0 runs, 0 hits, 1 error, 1 left on base; San Juan 2 - Santa Ana 1 |
| TOP OF THE 3RD |
|
San Juan Pitorros batting - Pitching for Santa Ana Cafes : RHP Kenneth Shea
|
|
Batting: LHB Jeffrey Szczecinski
|
0-0: Ball 1-0: Called Strike 1-1: Called Strike 1-2: Foul Ball, location: 2F 1-2: Ground out 6-3 (Groundball, 6, EV 88.8 MPH)
|
|
Batting: RHB Rafael Ramirez
|
0-0: Called Strike 0-1: Swinging Strike 0-2: Ball 1-2: Strikes out looking
|
|
Batting: RHB Tim Teufel
|
0-0: Ball 1-0: Called Strike 1-1: Swinging Strike 1-2: Ball 2-2: Ball 3-2: Foul Ball, location: 2F 3-2: Base on Balls
|
|
Batting: LHB Franklin Stubbs
|
0-0: Ball 1-0: Called Strike 1-1: Swinging Strike 1-2: Foul Ball, location: 2F 1-2: Strikes out swinging
|
| Top of the 3rd over - 0 runs, 0 hits, 0 errors, 1 left on base; San Juan 2 - Santa Ana 1 |
| BOTTOM OF THE 3RD |
|
Santa Ana Cafes batting - Pitching for San Juan Pitorros : RHP Randy Ramirez
|
|
Batting: RHB Glenn Davis
|
0-0: Ball 1-0: Ball 2-0: Called Strike 2-1: Fly out, F9 (Flyball, 9, EV 89.4 MPH)
|
|
Batting: RHB Barry Siebert
|
0-0: Ball 1-0: Called Strike 1-1: Ball 2-1: Foul Ball, location: 2F 2-2: Strikes out swinging
|
|
Batting: LHB Andre David
|
0-0: Ball 1-0: SINGLE (Groundball, 34D, EV 101.9 MPH)
|
|
Batting: RHB Fred Manrique
|
0-0: Called Strike 0-1: Ball 1-1: Foul Ball, location: 2F 1-2: Strikes out swinging
|
| Bottom of the 3rd over - 0 runs, 1 hit, 0 errors, 1 left on base; San Juan 2 - Santa Ana 1 |
| TOP OF THE 4TH |
|
San Juan Pitorros batting - Pitching for Santa Ana Cafes : RHP Kenneth Shea
|
|
Batting: SHB Dave Cochrane
|
0-0: Ball 1-0: Ball 2-0: Swinging Strike 2-1: Foul Ball, location: 2F 2-2: Ball 3-2: Foul Ball, location: 2F 3-2: Strikes out looking
|
|
Batting: SHB Ozzie Smith
|
0-0: Called Strike 0-1: Foul Ball, location: 2F 0-2: Strikes out swinging
|
|
Batting: RHB Mike A Marshall
|
0-0: Called Strike 0-1: Fly out, F6 (Popup, 6MS, EV 66.9 MPH)
|
| Top of the 4th over - 0 runs, 0 hits, 0 errors, 0 left on base; San Juan 2 - Santa Ana 1 |
| BOTTOM OF THE 4TH |
|
Santa Ana Cafes batting - Pitching for San Juan Pitorros : RHP Randy Ramirez
|
|
Batting: RHB Kevin Buckley
|
0-0: Foul Ball, location: 2F 0-1: Ball 1-1: Swinging Strike 1-2: Ball 2-2: Ground out 5-3 (Groundball, 5S, EV 68.1 MPH)
|
|
Batting: RHB Edwin Rodriguez
|
0-0: Foul Ball, location: 2F 0-1: Bunted foul 0-2: Ball 1-2: Strikes out swinging
|
|
Batting: SHB Esteban Mendez
|
0-0: SINGLE (Groundball, 3S, EV 63.1 MPH) (infield hit)
|
|
Batting: SHB Steve Scafa
|
0-0: Ball 1-0: Called Strike 1-1: Swinging Strike 1-2: Ball 2-2: Foul Ball, location: 2F 2-2: Ball 3-2: SINGLE (Groundball, 3D, EV 103.8 MPH) Esteban Mendez to second Esteban Mendez to third
|
|
Batting: RHB Mark Wasinger
|
0-0: Ball 1-0: Foul Ball, location: 2F 1-1: Foul Ball, location: 2F 1-2: DOUBLE (Line Drive, 5D, EV 101.9 MPH) Esteban Mendez scores Steve Scafa to third Runner from 3rd tries for Home, SAFE, no throw by LF
|
|
Batting: RHB Glenn Davis
|
0-0: Fly out, F9 (Line Drive, 9D, EV 91.9 MPH)
|
| Bottom of the 4th over - 2 runs, 3 hits, 0 errors, 1 left on base; San Juan 2 - Santa Ana 3 |
| TOP OF THE 5TH |
|
San Juan Pitorros batting - Pitching for Santa Ana Cafes : RHP Kenneth Shea
|
|
Batting: SHB Kevin King
|
0-0: Ball 1-0: Called Strike 1-1: Swinging Strike 1-2: Ground out 4-3 (Groundball, 4S, EV 71.3 MPH)
|
|
Batting: RHB Chris Brown
|
0-0: Foul Ball, location: 2F 0-1: Ball 1-1: Foul Ball, location: 2F 1-2: Ball 2-2: Strikes out swinging
|
|
Batting: LHB Jeffrey Szczecinski
|
0-0: Ball 1-0: Called Strike 1-1: Ground out 5-3 (Groundball, 15, EV 88.8 MPH)
|
| Top of the 5th over - 0 runs, 0 hits, 0 errors, 0 left on base; San Juan 2 - Santa Ana 3 |
| BOTTOM OF THE 5TH |
|
Santa Ana Cafes batting - Pitching for San Juan Pitorros : RHP Randy Ramirez
|
|
Batting: RHB Barry Siebert
|
0-0: Called Strike 0-1: Swinging Strike 0-2: Ball 1-2: Strikes out swinging
|
|
Batting: LHB Andre David
|
0-0: Ball 1-0: Ground out 1-3 (Groundball, 15S, EV 65.0 MPH)
|
|
Batting: RHB Fred Manrique
|
0-0: Foul Ball, location: 2F 0-1: Swinging Strike 0-2: Ball 1-2: Ball 2-2: Strikes out swinging
|
| Bottom of the 5th over - 0 runs, 0 hits, 0 errors, 0 left on base; San Juan 2 - Santa Ana 3 |
| TOP OF THE 6TH |
|
San Juan Pitorros batting - Pitching for Santa Ana Cafes : RHP Kenneth Shea
|
|
Batting: RHB Rafael Ramirez
|
0-0: Ball 1-0: Ball 2-0: Fly out, F7 (Line Drive, 7D, EV 96.9 MPH)
|
|
Batting: RHB Tim Teufel
|
0-0: Ball 1-0: Foul Ball, location: 2F 1-1: TRIPLE (Flyball, 89XD, EV 104.4 MPH)
|
|
Batting: LHB Franklin Stubbs
|
0-0: SINGLE (Line Drive, 78S, EV 110.6 MPH) Tim Teufel scores
|
|
Batting: SHB Dave Cochrane
|
0-0: Called Strike 0-1: Ball 1-1: Ball 2-1: Foul Ball, location: 2F 2-2: Fielders Choice at 2nd, 2-4 (Groundball, 15S, EV 73.1 MPH)
|
|
Batting: SHB Ozzie Smith
|
0-0: SINGLE (Groundball, P, EV 87.5 MPH) (infield hit) Dave Cochrane to second
|
|
Batting: RHB Mike A Marshall
|
0-0: Called Strike 0-1: Ball 1-1: Foul Ball, location: 2F 1-2: Foul Ball, location: 2F 1-2: Ball 2-2: Strikes out swinging
|
| Top of the 6th over - 1 run, 3 hits, 0 errors, 2 left on base; San Juan 3 - Santa Ana 3 |
| BOTTOM OF THE 6TH |
|
Santa Ana Cafes batting - Pitching for San Juan Pitorros : RHP Randy Ramirez
|
|
Batting: RHB Kevin Buckley
|
0-0: Called Strike 0-1: Ball 1-1: Swinging Strike 1-2: Ball 2-2: Hit by Pitch
|
|
Batting: RHB Edwin Rodriguez
|
0-0: Called Strike 0-1: Grounds into double play, 6-4-3 (Groundball, 6, EV 99.4 MPH)
|
|
Batting: SHB Esteban Mendez
|
0-0: Ball 1-0: Called Strike 1-1: Called Strike 1-2: Ball 2-2: Ground out 4-3 (Groundball, 4, EV 85.0 MPH)
|
| Bottom of the 6th over - 0 runs, 0 hits, 0 errors, 0 left on base; San Juan 3 - Santa Ana 3 |
| TOP OF THE 7TH |
|
San Juan Pitorros batting - Pitching for Santa Ana Cafes : RHP Kenneth Shea
|
|
Batting: SHB Kevin King
|
0-0: Called Strike 0-1: Called Strike 0-2: Ball 1-2: Strikes out swinging
|
|
Batting: RHB Chris Brown
|
0-0: Ball 1-0: Called Strike 1-1: Ball 2-1: Called Strike 2-2: Ball 3-2: Foul Ball, location: 2F 3-2: Foul Ball, location: 2F 3-2: Ground out 5-3 (Groundball, 56, EV 105.0 MPH)
|
|
Batting: LHB Jeffrey Szczecinski
|
0-0: Ball 1-0: Ball 2-0: Ball 3-0: Base on Balls
|
|
Batting: RHB Rafael Ramirez
|
0-0: Swinging Strike 0-1: SINGLE (Line Drive, 4MD, EV 94.4 MPH) Jeffrey Szczecinski to second Runner from 2nd tries for 3rd, SAFE, throw by CF made to third
|
|
Batting: RHB Tim Teufel
|
0-0: Ball 1-0: Called Strike 1-1: SINGLE (Line Drive, 9S, EV 108.1 MPH) Jeffrey Szczecinski scores Rafael Ramirez to second
|
|
Batting: LHB Franklin Stubbs
|
0-0: Ball 1-0: Fly out, F3 (Popup, 3SF, EV 83.1 MPH)
|
| Top of the 7th over - 1 run, 2 hits, 0 errors, 2 left on base; San Juan 4 - Santa Ana 3 |
| BOTTOM OF THE 7TH |
|
Santa Ana Cafes batting - Pitching for San Juan Pitorros : RHP Randy Ramirez
|
|
Batting: SHB Steve Scafa
|
0-0: Ball 1-0: Swinging Strike 1-1: Ball 2-1: Called Strike 2-2: Ball 3-2: Fly out, F8 (Line Drive, 8LD, EV 96.9 MPH)
|
|
Batting: RHB Mark Wasinger
|
0-0: Called Strike 0-1: Fly out, F7 (Flyball, 7LM, EV 94.4 MPH)
|
|
Batting: RHB Glenn Davis
|
0-0: Ball 1-0: Ball 2-0: SINGLE (Line Drive, 78S, EV 106.9 MPH)
|
|
Batting: RHB Barry Siebert
|
0-0: Called Strike 0-1: Ball 1-1: Foul Ball, location: 2F 1-2: Foul Ball, location: 2F 1-2: Strikes out swinging
|
| Bottom of the 7th over - 0 runs, 1 hit, 0 errors, 1 left on base; San Juan 4 - Santa Ana 3 |
| TOP OF THE 8TH |
|
San Juan Pitorros batting - Pitching for Santa Ana Cafes : RHP Kenneth Shea
|
|
Pitching: RHP Rick Behenna
|
|
|
Batting: SHB Dave Cochrane
|
0-0: Ball 1-0: Fly out, F8 (Flyball, 78D, EV 101.3 MPH)
|
|
Batting: SHB Ozzie Smith
|
0-0: Called Strike 0-1: Ball 1-1: Fly out, F6 (Popup, 6, EV 65.0 MPH)
|
|
Batting: RHB Mike A Marshall
|
0-0: Foul Ball, location: 2F 0-1: Foul Ball, location: 2F 0-2: Ball 1-2: Ball 2-2: Foul Ball, location: 2F 2-2: Strikes out looking
|
| Top of the 8th over - 0 runs, 0 hits, 0 errors, 0 left on base; San Juan 4 - Santa Ana 3 |
| BOTTOM OF THE 8TH |
|
Santa Ana Cafes batting - Pitching for San Juan Pitorros : RHP Randy Ramirez
|
|
Batting: LHB Andre David
|
0-0: Called Strike 0-1: Ball 1-1: Swinging Strike 1-2: Foul Ball, location: 2F 1-2: Foul Ball, location: 2F 1-2: Strikes out swinging
|
|
Batting: RHB Fred Manrique
|
0-0: Ball 1-0: Called Strike 1-1: Foul Ball, location: 2F 1-2: Ground out 6-3 (Groundball, 56, EV 84.4 MPH)
|
|
Batting: RHB Kevin Buckley
|
0-0: Foul Ball, location: 2F 0-1: SINGLE (Groundball, 34D, EV 100.6 MPH)
|
|
Batting: RHB Edwin Rodriguez
|
0-0: Foul Ball, location: 2F 0-1: Foul Ball, location: 2F 0-2: Foul Ball, location: 2F 0-2: Ball 1-2: Hit by Pitch Kevin Buckley to second
|
|
Batting: SHB Esteban Mendez
|
0-0: Ball 1-0: SINGLE (Line Drive, 89M, EV 88.8 MPH) Kevin Buckley to third Edwin Rodriguez to second Runner from 3rd tries for Home, SAFE, throw by RF to home
|
|
Batting: SHB Steve Scafa
|
0-0: Ball 1-0: Ball 2-0: Foul Ball, location: 2F 2-1: Called Strike 2-2: Ball 3-2: Foul Ball, location: 2F 3-2: Base on Balls Edwin Rodriguez to third Esteban Mendez to second
|
|
Batting: RHB Mark Wasinger
|
0-0: Foul Ball, location: 2F 0-1: Ball 1-1: Ground out 3-1 (Groundball, 34S, EV 66.9 MPH)
|
| Bottom of the 8th over - 1 run, 2 hits, 0 errors, 3 left on base; San Juan 4 - Santa Ana 4 |
| TOP OF THE 9TH |
|
San Juan Pitorros batting - Pitching for Santa Ana Cafes : RHP Rick Behenna
|
|
Pitching: RHP Clyde Reichard
|
|
|
Batting: SHB Kevin King
|
0-0: Ball 1-0: Called Strike 1-1: Ball 2-1: Ball 3-1: Base on Balls
|
|
Batting: RHB Chris Brown
|
0-0: Called Strike 0-1: Ball 1-1: Ball 2-1: SINGLE (Line Drive, 8RS, EV 94.4 MPH) Kevin King to second Runner from 2nd tries for 3rd, SAFE, no throw by CF
|
|
Batting: LHB Jeffrey Szczecinski
|
0-0: Called Strike 0-1: Ball 1-1: Ball 2-1: Fly out, F7 (Flyball, 7LD, EV 94.4 MPH) Runner from 3rd tags up, SCORES, throw by LF
|
|
Batting: RHB Rafael Ramirez
|
Pickoff Throw to First - Out! 1-3 0-0: Ball 1-0: Foul Ball, location: 2F 1-1: Ground out 1-3 (Groundball, 13S, EV 71.3 MPH)
|
| Top of the 9th over - 1 run, 1 hit, 0 errors, 0 left on base; San Juan 5 - Santa Ana 4 |
| BOTTOM OF THE 9TH |
|
Santa Ana Cafes batting - Pitching for San Juan Pitorros : RHP Randy Ramirez
|
|
Pitching: RHP Mike Morgan
|
|
|
Now at 1B: Pat Dodson
|
|
|
Now in RF: Jose Aguirre
|
|
|
Batting: RHB Glenn Davis
|
0-0: Called Strike 0-1: Ball 1-1: Fly out, F8 (Flyball, 89D, EV 101.3 MPH)
|
|
Batting: RHB Barry Siebert
|
0-0: Ball 1-0: Ball 2-0: Ground out 4-3 (Groundball, 4M, EV 90.6 MPH)
|
|
Batting: LHB Andre David
|
0-0: Ball 1-0: Ball 2-0: Ball 3-0: Base on Balls
|
|
Pinch Hitting: LHB Thad Reece
|
0-0: Ball 1-0: Ball 2-0: Foul Ball, location: 2F 2-1: Ball 3-1: Base on Balls Andre David to second
|
|
Batting: RHB Kevin Buckley
|
0-0: Swinging Strike 0-1: Swinging Strike 0-2: Foul Ball, location: 2F 0-2: Foul Ball, location: 2F 0-2: Ball 1-2: Ball 2-2: Fly out, F9 (Flyball, 9LS, EV 96.3 MPH)
|
| Bottom of the 9th over - 0 runs, 0 hits, 0 errors, 2 left on base; San Juan 5 - Santa Ana 4 |
|